 Dungeon Crawl Stone Soup version 0.20-a0-1036-g4d371cd (console) character file.

121 Calamarain the Slasher (level 4, -1/38 HPs)
             Began as a Draconian Fighter on Apr 22, 2017.
             Killed by nerve-wracking pain
             ... invoked by Grinder
              (5 damage)
             ... on level 3 of the Dungeon.
             The game lasted 00:04:54 (1604 turns).

Calamarain the Slasher (Draconian Fighter)          Turns: 1604, Time: 00:04:55

Health: -1/38      AC:  7    Str: 23    XL:     4   Next: 76%
Magic:  13/13      EV: 10    Int:  8    God:
Gold:   65         SH:  9    Dex: 12    Spells: 3/3 levels left

rFire    . . .     SeeInvis .   a - +1 long sword
rCold    . . .     Gourm    .   b - +0 shield
rNeg     . . .     Faith    .   (armour unavailable)
rPois    .         Spirit   .   g - +1 hat
rElec    .         Reflect  .   (no cloak)
rCorr    .         Harm     .   p - +0 pair of gloves
MR       .....                  (no boots)
Stlth    +.........             (no amulet)
Regen    0.2/turn               q - ring of magical power
MPRegen  0.2/turn               (no ring)

@: mighty
A: unfitting armour, cold-blooded, AC +5
a: no special abilities


You were on level 3 of the Dungeon.
You were not hungry.

You visited 1 branch of the dungeon, and saw 3 of its levels.

You collected 65 gold pieces.

Inventory:

Hand Weapons
 a - a +1 long sword (weapon)
Armour
 b - a +0 shield (worn)
 g - a +1 hat (worn)
 p - a +0 pair of gloves (worn)
Jewellery
 q - a ring of magical power (left hand)
Scrolls
 e - a scroll of amnesia {unknown}
 j - a scroll of enchant weapon
 k - a scroll of identify {unknown}
 l - a scroll of teleportation {unknown}
 m - a scroll of recharging {unknown}
 n - a scroll of magic mapping {unknown}
Potions
 f - 2 potions of agility {unknown}
 i - a potion of degeneration {unknown}
 o - a potion of magic {unknown}
Comestibles
 d - 2 bread rations
 h - 5 chunks of flesh


   Skills:
 + Level 3.2 Fighting
 * Level 5.0 Long Blades
 + Level 2.6 Dodging
 + Level 3.0 Shields


You had 3 spell levels left.
You didn't know any spells.

Dungeon Overview and Level Annotations

Branches:
Dungeon (3/15)

Altars:
Dithmenos

Annotations:
D:3 Grinder


Innate Abilities, Weirdness & Mutations

Your plain brown scales are hard. (AC +5)
You cannot fit into any form of body armour.
You are cold-blooded and may be slowed by cold attacks.


Message History

You hit Grinder.
Grinder is lightly wounded.
Grinder gestures at you.
You suddenly lose the ability to move!
Grinder hits you but does no damage. Grinder hits you.
You writhe in agony.
Grinder hits you. x2
You writhe in agony.
Grinder hits you!
* * * LOW HITPOINT WARNING * * *
You writhe in agony.
* * * LOW HITPOINT WARNING * * *
Grinder hits you.
* * * LOW HITPOINT WARNING * * *
You can move again.
Unknown command.
You feel very mighty all of a sudden. Grinder gestures at you.
Pain shoots through your body!
You die...

######### .........####
#...#...#...#
....5.).....#
...#...#>..#
............#####
##############5........
#...........)@...######
#...†..#..########
########..# #####..#
#......# #.###### #.#
#.# #.######


You could see Grinder.

Vanquished Creatures
  An orc wizard (D:3)
  2 adders (D:2)
  3 worms (D:2)
  3 dart slugs
  2 orcs (D:3)
  4 giant cockroaches
  13 goblins
  7 hobgoblins
  6 jackals (D:2)
  3 bats
  2 frilled lizards
  6 kobolds
  6 rats
58 creatures vanquished.

Notes
Turn   | Place    | Note
-------+----------+-------------------------------------------
     0 | D:1      | Calamarain the Draconian Fighter began the quest for the Orb.
     0 | D:1      | Reached XP level 1. HP: 19/19 MP: 1/1
   238 | D:1      | Reached XP level 2. HP: 19/26 MP: 2/2
   271 | D:1      | Reached skill level 3 in Long Blades
   893 | D:1      | Reached XP level 3. HP: 31/31 MP: 3/3
  1085 | D:2      | Found a shadowy altar of Dithmenos.
  1131 | D:2      | Reached skill level 4 in Long Blades
  1230 | D:2      | Reached XP level 4. HP: 30/38 MP: 4/4
  1497 | D:3      | Noticed Grinder
  1512 | D:3      | Reached skill level 5 in Long Blades
  1597 | D:3      | Paralysed by Grinder for 7 turns
  1604 | D:3      | Killed from afar by Grinder

Vault maps used:
D:1:      dpeg_arrival_rhombi, minmay_misc_feat_tower, roderic_aztec_sauvastika
D:2:      nicolae_dithmenos_through_a_glass_darkly, interstate_on_off
D:3:      lemuel_coloured_pillars_altar, minmay_quantized,
          uniq_crazy_yiuf_cottage, uniq_grinder

Skill      XL: |  1  2  3  4 |
---------------+-------------+-----
Long Blades    | 3 4 5 |  5.0
Fighting       | |  3.2
Dodging        | |  2.6
Shields        | |  3.0

Action                   |  1- 3 |  4- 6 || total
-------------------------+-------+-------++-------
Melee: Long sword        |   111 |    43 ||   154
       Tailslap          |    13 |     4 ||    17
  Use: Scroll            |       |     1 ||     1
       Potion            |       |     1 ||     1
  Eat: Chunk             |     1 |     2 ||     3
Armor: Skin              |    39 |    17 ||    56
Dodge: Dodged            |    51 |    11 ||    62
Block: Shield            |    55 |    22 ||    77
       Rpst.: Long sword |     8 |     4 ||    12
